 Dungeon Crawl Stone Soup version 0.24.0-1-gfbc8707122 (webtiles) character file.

Game seed: 5281365883252364976, levelgen mode: deterministic

159 Fingolfin the Skirmisher (level 5, -2/43 HPs)
             Began as a Merfolk Enchanter on Oct 26, 2019.
             Splashed by a jelly's acid (7 damage)
             ... on level 3 of the Dungeon.
             The game lasted 00:08:03 (3428 turns).

Fingolfin the Skirmisher (Merfolk Enchanter)        Turns: 3428, Time: 00:08:03

Health: -2/43      AC: -2    Str:  9    XL:     5   Next: 40%
Magic:  8/8        EV:  8    Int: 15    God:
Gold:   61         SH:  3    Dex: 14    Spells: 5/8 levels left

rFire    . . .     SeeInvis .   a - +0 spear
rCold    . . .     Gourm    .   o - +0 buckler
rNeg     . . .     Faith    .   m - +0 scale mail
rPois    .         Spirit   .   (no helmet)
rElec    .         Reflect  .   (no cloak)
rCorr    .         Harm     .   (no gloves)
MR       .....                  (no boots)
Stlth    +.........             (no amulet)
HPRegen  0.14/turn              (no ring)
MPRegen  0.11/turn              (no ring)

@: corroded
A: change form in water, swift swim, stealthy swim
a: no special abilities


You were on level 3 of the Dungeon.
You were not hungry.

You visited 1 branch of the dungeon, and saw 3 of its levels.

You collected 61 gold pieces.

Inventory:

Hand Weapons
 a - a +0 spear (weapon)
 j - a cursed +0 dagger
Missiles
 c - 9 javelins (quivered)
 h - 79 stones
Armour
 m - a +0 scale mail (worn)
 o - a +0 buckler (worn)
Scrolls
 f - a scroll of identify {unknown}
 g - a scroll of blinking {unknown}
 i - 2 scrolls of random uselessness {unknown}
 k - a scroll of noise {unknown}
 l - 2 scrolls of magic mapping {unknown}
 s - a scroll of enchant weapon {unknown}
 t - a scroll of fog {unknown}
 u - a scroll of amnesia {unknown}
Potions
 b - a potion of ambrosia {unknown}
 e - a potion of brilliance {unknown}
 n - a potion of curing {unknown}
 q - a potion of might {unknown}
 r - a potion of magic {unknown}
Comestibles
 d - 4 rations


   Skills:
 + Level 4.5 Fighting
 - Level 1.2 Short Blades
 + Level 3.6 Polearms
 - Level 2.6 Dodging
 - Level 3.2 Stealth
 - Level 2.0 Spellcasting
 - Level 3.0 Hexes


You had 5 spell levels left.
You knew the following spells:

 Your Spells              Type           Power        Failure   Level  Hunger
a - Corona                Hex            ##.....      67%         1    #......
b - Ensorcelled Hibernat  Hex/Ice        #.....       95%         2    ###....

Your spell library contained the following spells:

 Spells                   Type           Power        Failure   Level  Hunger
 Confuse                  Hex            ##......     95%         3    ###....
 Tukima's Dance           Hex            ##......     95%         3    ###....
 Dazzling Spray           Conj/Hex       #.....       99%         3    ###....


Dungeon Overview and Level Annotations

Branches:
Dungeon (3/15)

Altars:

Annotations:
D:3 1 runed translucent door yiuf, Crazy Yiuf


Message History

You hit the jelly.
Your hands burn!
The jelly is lightly wounded.
The jelly hits you but does no damage.
You hit the jelly.
Your hands burn!
The jelly is lightly wounded.
The jelly hits you.
You are splashed with acid!
You hit the jelly. The acid corrodes you!
Your hands burn!
The jelly is heavily wounded.
The jelly hits you. The acid corrodes you!
You are splashed with acid!
You are too injured to fight recklessly!
There is an open door here.
The jelly hits you. The acid corrodes you!
You are splashed with acid!
* * * LOW HITPOINT WARNING * * *
All of the chunks of flesh in your inventory have rotted away.
You see here a +0 robe.
There is an open door here.
You open the door. The jelly hits you.
* * * LOW HITPOINT WARNING * * *
You are splashed with acid!
You die...

#>..†............................
##...............................
####†############...............
#.# #.'..[............ #.#
#.#..........##.#. #.#
#######.##....##.#.##...
#.####....!#.##..###..#..###.
####.#..#.....#J##..##.#.#.#.###
#....#..#.....#@##..##.#.#.#.##
#....#..'.....'.#####.##.#.##.#
#....##.#.....#######.##.#.##.##
#.......#.....####.....+.+.+....
#....####...†......##.##.#.##.##
#....# #..........##.# .#.##.##
#....# ##.........###. #.#.###
#....# #.........# #.# #.#.###
#....# #.........# #..#..###'


You could see a jelly.

Vanquished Creatures
  An ogre (D:2)
  Jessica (D:3)
  3 adders (D:2)
  A dart slug (D:3)
  2 hobgoblins (D:2)
  2 ball pythons (D:3)
  5 bats
  5 frilled lizards
  3 goblins (D:2)
  A kobold (D:1)
  6 rats
30 creatures vanquished.

Notes
Turn   | Place    | Note
-------+----------+-------------------------------------------
     0 | D:1      | Fingolfin the Merfolk Enchanter began the quest for the
                  | Orb.
     0 | D:1      | Reached XP level 1. HP: 13/13 MP: 3/3
   276 | D:1      | Reached skill level 1 in Fighting
  1082 | D:2      | Reached skill level 2 in Fighting
  1082 | D:2      | Reached XP level 2. HP: 12/22 MP: 0/5
  1326 | D:2      | Learned a level 2 spell: Ensorcelled Hibernation
  1658 | D:2      | Reached XP level 3. HP: 21/28 MP: 6/6
  1663 | D:2      | Reached skill level 3 in Fighting
  1975 | D:2      | Noticed an ogre
  2948 | D:2      | Killed an ogre
  2948 | D:2      | Reached skill level 4 in Fighting
  2948 | D:2      | Reached XP level 4. HP: 31/37 MP: 7/7
  2948 | D:2      | Reached XP level 5. HP: 35/42 MP: 8/8
  3174 | D:3      | Noticed Jessica
  3194 | D:3      | Killed Jessica
  3323 | D:3      | Found a runed translucent door.
  3324 | D:3      | Noticed Crazy Yiuf
  3428 | D:3      | Splashed by a jelly's acid

Levels and vault maps discovered:
D:1:      onia_arrival_mini_maze_b, layout_basic
D:2:      layout_basic, first_ration
D:3:      layout_basic, zin_angel, kennysheep_path_1, interstate_on_off,
          uniq_jessica, uniq_crazy_yiuf_cottage

Skill      XL: |  1  2  3 |
---------------+----------+-----
Fighting       | 2 4 |  4.5
Polearms       | 3 |  3.6
Short Blades   | |  1.2
Dodging        | |  2.6
Stealth        | |  3.2
Spellcasting   | |  2.0
Hexes          | |  3.0

Action                   |  1- 3 |  4- 6 || total
-------------------------+-------+-------++-------
Melee: Dagger            |    75 |       ||    75
       Spear             |    27 |    43 ||    70
Throw: Javelin           |     8 |       ||     8
 Cast: Corona            |     4 |       ||     4
       Ensorcelled Hiber |     7 |       ||     7
 Stab: Sleeping          |     4 |       ||     4
  Eat: Chunk             |     3 |     2 ||     5
       Ration            |     1 |       ||     1
Armor: Robe              |     2 |       ||     2
       Scale mail        |    33 |     7 ||    40
Dodge: Dodged            |    57 |    13 ||    70
Block: Buckler           |       |     4 ||     4
